Map: Eternal Empire LE

Players

Erode

  • Race: Protoss Protoss
  • League: Gold
  • Spawn Location: 1:00

Riešučius - Winner!

  • Race: Terran Terran
  • Spawn Location: 7:00

VOD

Have the link to the VOD?

Description

Time

  • Played on: Aug. 26, 2020, 11:42 a.m.
  • Length: 19:57
Show
View Real Time Build Order
Export as new Build Order

Erode Protoss 

Build Orders:  

Get SALT Encoding   

  12  0:00  Probe  
  13  0:12  Probe  
  14  0:20  Pylon  
  14  0:24  Probe  
  15  0:38  Probe (Chrono Boost)  
  15  0:40  Gateway  
  16  0:48  Assimilator  
  17  0:50  Probe (Chrono Boost)  
  17  0:55  Probe (Chrono Boost)  
  18  0:59  Pylon  
  18  1:04  Probe  
  19  1:16  Probe  
  20  1:28  Probe  
  20  1:30  Cybernetics Core  
  21  1:38  Pylon  
  21  1:41  Probe  
  21  1:43  Assimilator  
  22  1:53  Probe  
  22  2:06  Warp Gate  
  22  2:15  Nexus  
  22  2:16  Probe  
  23  2:27  Robotics Facility  
  23  2:38  Gateway  
  23  2:39  Probe  
  24  2:51  Probe  
  24  2:52  Twilight Council  
  24  2:58  Sentry  
  27  3:04  Probe  
  28  3:11  Gateway  
  28  3:16  Probe  
  29  3:28  Probe x2  
  29  3:33  Stalker  
  33  3:40  Probe  
  33  3:41  Probe  
  35  3:43  Charge  
  35  3:52  Warp Prism  
  37  4:00  Forge  
  38  4:02  Probe  
  38  4:04  Probe  
  39  4:17  Gateway  
  39  4:20  Pylon  
  39  4:22  Stalker  
  41  4:25  Stalker  
  41  4:27  Sentry  
  45  4:42  Probe x2  
  47  4:47  Protoss Ground Weapons Level 1  
  47  4:50  Immortal  
  51  4:56  Gateway  
  51  5:03  Pylon  
  51  5:04  Probe x2  
  53  5:15  Zealot x2  
  53  5:16  Probe  
  53  5:17  Probe, Zealot  
  61  5:24  Pylon  
  61  5:28  Probe  
  61  5:29  Probe  
  61  5:30  Assimilator  
  63  5:40  Probe  
  64  5:50  Probe  
  64  5:53  Probe, Zealot  
  64  5:54  Zealot x4  
  70  6:05  Stalker  
  70  6:11  Immortal  
  72  6:14  Probe x2  
  72  6:17  Assimilator  
  68  6:30  Forge  
  68  6:32  Pylon  
  68  6:34  Gateway  
  68  6:44  Zealot  
  70  6:47  Zealot  
  70  6:48  Sentry  
  70  6:50  Nexus  
  70  6:51  Pylon  
  74  6:55  Pylon  
  74  6:57  Observer  
  74  6:58  Probe x2  
  74  7:00  Protoss Shields Level 1 (Chrono Boost)  
  77  7:02  Protoss Ground Armor Level 1 (Chrono Boost)  
  77  7:11  Zealot x2  
  77  7:13  Sentry  
  77  7:14  Sentry  
  85  7:19  Immortal  
  85  7:20  Shield Battery  
  89  7:25  Shield Battery  
  89  7:29  Probe x2, Photon Cannon  
  91  7:41  Gateway, Probe  
  92  7:44  Pylon  
  92  7:49  Probe  
  93  7:53  Probe  
  93  7:55  Zealot x2  
  93  7:56  Zealot  
  100  8:23  Probe x3  
  103  8:33  Robotics Bay  
  103  8:42  Probe  
  103  8:43  Probe x2  
  103  8:44  Stalker, Zealot  
  110  8:51  Zealot x5  
  110  8:55  Nexus, Probe  
  121  8:56  Pylon  
  121  8:59  Pylon  
  121  9:05  Zealot  
  121  9:09  Zealot  
  125  9:24  Zealot x2  
  125  9:25  Probe x3  
  125  9:26  Stalker x2  
  125  9:27  Stalker  
  128  9:34  Colossus  
  124  9:39  Assimilator  
  124  9:42  Gateway, Assimilator  
  124  9:51  Gateway  
  120  9:53  Zealot x3  
  120  9:54  Sentry  
  120  9:55  Stalker x3  
  132  10:13  Shield Battery  
  132  10:15  Probe x2  
  132  10:16  Assimilator, Probe  
  132  10:18  Extended Thermal Lance (Chrono Boost)  
  135  10:22  Robotics Facility  
  135  10:26  Probe  
  135  10:27  Probe, Stalker  
  135  10:28  Immortal, Probe, Stalker x2  
  144  10:29  Zealot x4  
  156  10:41  Pylon  
  156  10:43  Pylon  
  156  10:45  Photon Cannon  
  156  10:47  Photon Cannon  
  156  10:49  Photon Cannon  
  156  10:59  Probe x2  
  156  11:00  Zealot x3  
  156  11:01  Zealot  
  131  11:27  Zealot x5  
  141  11:39  Colossus  
  147  11:53  Probe x3  
  128  12:07  Zealot x2  
  128  12:08  Zealot  
  134  12:09  Sentry x2, Stalker  
  134  12:10  Stalker x2  
  134  12:12  Colossus  
  150  12:17  Probe x3  
  150  12:18  Probe  
  154  12:29  Probe x2  
  157  12:30  Probe x2  
  158  12:37  Pylon  
  158  12:41  Probe  
  158  12:44  Stalker x4  
  161  12:46  Zealot x2  
  171  12:51  Shield Battery  
  171  12:52  Assimilator  
  171  12:55  Pylon  
  171  13:02  Gateway  
  171  13:04  Gateway  
  171  13:06  Pylon  
  171  13:07  Probe x2  
  171  13:08  Probe  
  171  13:09  Stalker  
  176  13:16  Colossus  
  182  13:21  Probe  
  182  13:22  Probe x2  
  185  13:28  Photon Cannon  
  185  13:46  Nexus  
  185  13:50  Unknown  
  185  13:52  Pylon  
  185  13:56  Probe x3  
  185  13:59  Colossus  
  194  14:07  Pylon  
  194  14:13  Shield Battery  
  194  14:15  Shield Battery, Probe x3  
  194  14:16  Probe  
  194  14:17  Photon Cannon, Zealot  
  200  14:20  Photon Cannon  
  200  14:21  Blink  
  174  14:36  Photon Cannon x2  
  174  14:37  Probe x3  
  174  14:38  Shield Battery  
  127  15:10  Zealot x5  
  127  15:11  Stalker  
  127  15:12  Stalker x4  
  115  15:15  Colossus x2  
  120  15:38  Zealot x4  
  120  15:39  Stalker x3  
  120  15:40  Sentry x2  
  120  15:41  Sentry  
  140  15:51  Probe x3  
  134  16:03  Zealot x6  
  124  16:08  Colossus x2  
  124  16:11  Zealot x3  
  128  16:12  Sentry  
  124  16:24  Stalker x4  
  124  16:25  Stalker  
  128  16:28  Probe x2  
  128  16:30  Protoss Ground Armor Level 2 (Chrono Boost)  
  128  16:32  Protoss Ground Weapons Level 2 (Chrono Boost)  
  116  16:43  Zealot x2  
  116  16:46  Zealot  
  120  16:47  Stalker  
  118  16:55  Stalker  
  118  16:56  Stalker  
  112  17:02  Immortal x2  
  112  17:03  Zealot  
  112  17:04  Stalker x2  
  112  17:07  Zealot x2  
  112  17:12  Zealot  
  112  17:14  Sentry  
  112  17:23  Zealot x3  
  118  17:30  Stalker  
  118  17:31  Stalker  
  114  17:37  Zealot x2  
  114  17:38  Zealot  
  114  17:42  Zealot  
  106  17:46  Zealot  
  92  17:54  Zealot x3  
  92  17:58  Zealot  
  89  18:04  Zealot x2  
  89  18:05  Zealot  
  78  18:13  Zealot x2  
  59  18:26  Zealot  
  60  18:28  Sentry  
  60  18:29  Zealot x2  
  60  18:30  Zealot  
  68  18:44  Zealot x3  
  71  18:57  Zealot x3  
  69  19:14  Zealot x2  
  67  19:45  Nexus  
  41  19:47  Pylon  
  36  19:53  Zealot  
Show
View Real Time Build Order
Export as new Build Order

Riešučius Terran - Winner!

Build Orders:  

Get SALT Encoding   

  12  0:00  SCV  
  13  0:12  SCV  
  14  0:24  SCV  
  14  0:25  Supply Depot  
  15  0:38  Refinery  
  15  0:47  SCV  
  15  0:49  Barracks  
  16  0:59  SCV  
  17  1:11  SCV  
  18  1:23  SCV  
  19  1:35  SCV  
  19  1:37  Marine  
  19  1:38  Supply Depot  
  21  1:47  SCV  
  22  1:55  Marine  
  23  2:06  Factory  
  23  2:13  Marine  
  24  2:18  Engineering Bay  
  24  2:19  Orbital Command  
  24  2:31  Marine  
  25  2:48  Marine  
  25  2:49  Command Center  
  26  2:56  Terran Infantry Weapons Level 1  
  26  2:57  Supply Depot  
  26  3:01  Starport  
  26  3:06  Marine  
  27  3:21  Refinery  
  27  3:23  Supply Depot  
  27  3:24  Marine  
  28  3:37  Medivac  
  30  3:41  SCV  
  30  3:42  Marine  
  32  3:53  SCV  
  33  4:07  Medivac  
  35  4:12  Barracks Reactor  
  35  4:20  SCV  
  35  4:23  SCV  
  37  4:32  SCV  
  37  4:35  SCV  
  37  4:38  Barracks  
  39  4:44  SCV  
  40  4:47  SCV, Factory Tech Lab  
  40  4:51  Terran Infantry Armor Level 1  
  41  4:56  SCV  
  41  4:59  SCV  
  43  5:02  Marine x2  
  45  5:08  SCV  
  45  5:11  SCV  
  47  5:20  Marine x2  
  49  5:25  Command Center  
  49  5:28  Barracks Tech Lab  
  49  5:32  SCV  
  49  5:33  Engineering Bay  
  50  5:37  SCV  
  50  5:41  Medivac  
  53  5:49  SCV  
  53  5:57  Marine  
  53  6:01  SCV  
  55  6:05  Marine x2  
  55  6:13  SCV  
  55  6:15  Marine  
  54  6:23  Marine x2  
  54  6:25  SCV  
  54  6:31  Stimpack  
  54  6:33  Marine  
  54  6:37  SCV  
  54  6:39  Armory  
  56  6:40  Marine  
  56  6:41  Marine  
  58  6:49  SCV  
  58  6:51  Marauder  
  61  6:56  SCV  
  61  6:59  Refinery  
  61  7:00  Refinery  
  62  7:04  Supply Depot x2  
  62  7:22  Command Center  
  62  7:25  Marine x2  
  62  7:26  SCV, Marauder  
  67  7:30  Supply Depot  
  67  7:31  Supply Depot  
  67  7:38  SCV  
  67  7:40  Terran Infantry Armor Level 2  
  67  7:41  Terran Infantry Weapons Level 2  
  67  7:43  Marine x2  
  70  7:46  Terran Vehicle And Ship Armor Level 1  
  70  7:47  Marine  
  70  7:50  SCV  
  72  7:53  Supply Depot  
  72  7:59  Supply Depot  
  72  8:01  Marine x2  
  72  8:05  Marauder  
  75  8:16  Command Center  
  75  8:19  Marine x2  
  77  8:26  Marauder  
  79  8:28  SCV  
  80  8:35  Supply Depot  
  80  8:37  Marine x2, Supply Depot  
  80  8:40  SCV  
  83  8:48  Marauder  
  85  8:52  SCV  
  85  8:54  Marine x2  
  88  9:01  Supply Depot  
  88  9:04  SCV  
  88  9:09  Marauder  
  91  9:12  Marine x2  
  91  9:16  SCV  
  85  9:31  Marauder  
  84  9:43  Refinery  
  84  9:44  SCV  
  85  9:54  SCV  
  85  9:56  SCV  
  87  10:06  SCV  
  88  10:08  SCV  
  88  10:12  Refinery  
  89  10:15  Marine x3  
  89  10:18  SCV  
  89  10:19  Medivac  
  89  10:20  SCV  
  96  10:30  SCV  
  96  10:32  SCV  
  96  10:33  Marine x2, Marauder  
  103  10:42  SCV  
  103  10:49  Medivac  
  105  10:50  Marine  
  105  10:51  Marine  
  105  10:55  Marauder  
  109  11:08  Marine x2  
  111  11:16  Marauder  
  110  11:19  Medivac  
  110  11:31  Marine x2  
  112  11:36  SCV  
  112  11:38  Supply Depot, Marauder  
  115  11:48  SCV  
  115  11:49  Marine x2, Medivac  
  120  11:59  Marauder  
  120  12:00  SCV  
  113  12:01  Supply Depot  
  113  12:06  Marine  
  113  12:07  Marine  
  110  12:19  Medivac  
  110  12:20  Terran Infantry Armor Level 3, Marauder  
  110  12:22  Terran Infantry Weapons Level 3  
  114  12:23  Barracks  
  114  12:24  Marine x2, Terran Vehicle And Ship Armor Level 2  
  114  12:26  Barracks, SCV, Supply Depot  
  117  12:38  SCV  
  117  12:42  Marine x2, Marauder  
  117  12:43  Orbital Command  
  122  12:49  Medivac  
  122  12:50  SCV, Supply Depot  
  125  13:00  Marine x2  
  125  13:03  Supply Depot, Marauder  
  129  13:10  Barracks Tech Lab  
  129  13:12  Supply Depot  
  129  13:13  Barracks Tech Lab  
  129  13:19  Medivac  
  131  13:24  Marauder  
  131  13:26  Supply Depot  
  133  13:30  Marauder  
  133  13:31  Marauder  
  133  13:32  Marine x2  
  139  13:36  Command Center  
  139  13:46  Marauder  
  141  13:49  Marine, Medivac, Supply Depot  
  141  13:50  Marine  
  141  13:51  Marauder  
  141  13:52  Marauder  
  149  14:07  Marine x2, Marauder, Orbital Command  
  153  14:12  Marauder  
  153  14:14  Marauder  
  156  14:19  Medivac  
  158  14:25  Marine x2  
  158  14:29  Marauder  
  162  14:34  Marauder  
  162  14:35  Marauder  
  166  14:43  Marine x2  
  168  14:49  Medivac  
  168  14:50  Marauder  
  168  14:51  Command Center  
  170  14:55  Marauder  
  170  14:57  Marauder  
  142  15:11  Marauder  
  142  15:13  Marine x2  
  140  15:16  Marauder  
  140  15:18  Marauder  
  140  15:19  Medivac  
  146  15:31  Marine x2  
  146  15:33  Marauder  
  150  15:38  Marauder  
  150  15:39  Marauder  
  154  15:48  Marine  
  154  15:49  Marine, Medivac  
  158  15:54  Marauder  
  145  15:59  Marauder  
  145  16:01  Marauder  
  138  16:06  Marine x2  
  135  16:16  Marauder  
  131  16:19  Medivac  
  131  16:21  Marauder  
  131  16:22  Marauder  
  131  16:37  Marauder  
  131  16:38  Marine x2  
  135  16:42  Marauder  
  135  16:43  Marauder  
  139  16:55  Marine  
  139  16:56  Marine  
  139  16:58  Marauder  
  136  17:03  Marauder  
  136  17:05  Marauder  
  134  17:13  Marine x2  
  136  17:20  Marauder  
  138  17:25  Marauder  
  138  17:26  Marauder  
  138  17:27  Medivac  
  144  17:31  Marine x2  
  143  17:41  Marauder  
  131  17:46  Marauder  
  131  17:48  Marauder  
  131  17:49  Marine x2  
  130  17:57  Medivac  
  130  18:02  Marauder  
  132  18:07  Marine x2  
  132  18:08  Marauder  
  132  18:09  Marauder  
  138  18:24  Marine, Marauder  
  138  18:25  Marine  
  142  18:27  Medivac  
  142  18:29  Marauder  
  142  18:30  Marauder  
  148  18:36  Barracks x2  
  148  18:37  Barracks  
  148  18:42  Marine x2  
  148  18:45  Marauder  
  152  18:50  Marauder  
  152  18:52  Marauder  
  156  18:57  Medivac  
  156  19:00  Marine x2  
  158  19:07  Marauder  
  160  19:12  Marauder  
  160  19:13  Marauder  
  164  19:18  Marine x2  
  166  19:27  Medivac  
  166  19:28  Marauder  
  170  19:33  Marauder  
  170  19:35  Marauder  
  170  19:36  Marine x2  
Tags
 
League
Gold
Matchup
PvT
Spawn Locations
Cross Positions
Add a new tag
Caveats
  • Supply blocks, unpowered buildings, or Contaminate may cause inaccurate times.
  • Supply counts are checked every 10 seconds.